AoeStats
← Tp 上帝 士官候補生

African Clearing

510430367Analyzed
3v3 RM · 17h ago on Oct 1, 2026· 49m 34s· 6 players
Game mode
Random Map
Map size
Normal (6 player)
Population
200
Speed
Normal
Resources
Standard
Victory
Conquest
Starting age
Dark Age
Ending age
Imperial Age
RankedLock teamsTeams togetherTeam positionsShared explorationLock speedFull tech treeHidden civsTurbo modeCheats
Victory
Defeat
🇺🇸 Khmer · United States
1079
+17
🇲🇽 Persians · Mexico
1059
+18
🇷🇺 Mongols · Russia
1009
+21
🇨🇱 Franks · Chile
1155
-20
🇦🇹 Varangians · Austria
1105
-19
🇨🇱 Wu · Chile
1059
-17
Il-Diavolo-92
3:43 Loom
15:56 Feudal Age
16:33 Double-Bit Axe
17:35 Horse Collar
18:36 Wheelbarrow
22:19 Castle Age
22:57 Fletching
24:09 Bodkin Arrow
38:41 Imperial Age
40:21 Chemistry
Dailyfixit
13:25 Feudal Age
11:41 Loom
22:53 Double-Bit Axe
26:15 Castle Age
25:02 Scale Barding Armor
26:51 Wheelbarrow
26:41 Bloodlines
27:21 Horse Collar
30:21 Husbandry
34:38 Bow Saw
35:46 Chain Barding Armor
37:14 Hand Cart
41:30 Imperial Age
41:38 Forging
42:05 Scale Mail Armor
42:44 Conscription
43:09 Iron Casting
42:24 Fletching
44:01 Pikeman
44:58 Chain Mail Armor
46:35 Blast Furnace
44:58 Halberdier
48:55 Plate Barding Armor
Tog Rulgay
14:46 Feudal Age
13:02 Loom
13:12 Loom
13:52 Loom
15:27 Loom
15:59 Double-Bit Axe
19:23 Castle Age
19:19 Horse Collar
20:06 Bloodlines
20:21 Bow Saw
20:20 Scale Barding Armor
21:51 Forging
23:55 Chain Barding Armor
26:10 Wheelbarrow
27:02 Town Watch
28:24 Heavy Plow
28:28 Fletching
29:27 Iron Casting
31:07 Husbandry
31:55 Stone Mining
31:55 Gold Mining
35:53 Fletching
36:06 Padded Archer Armor
36:50 Ballistics
36:41 Masonry
38:35 Hand Cart
40:23 Gold Shaft Mining
40:24 Stone Shaft Mining
44:47 Imperial Age
42:21 Bodkin Arrow
42:41 Leather Archer Armor
41:55 Light Cavalry
44:14 Town Patrol
44:19 Scale Mail Armor
45:16 Chain Mail Armor
46:17 Bracer
46:42 Conscription
45:47 Elite Steppe Lancer
47:32 Blast Furnace
48:17 Chemistry
Tp 上帝 士官候補生
9:55 Loom
15:07 Feudal Age
16:18 Double-Bit Axe
20:24 Castle Age
21:51 Horse Collar
28:39 Pikeman
31:58 Stone Mining
36:34 Fletching
43:17 Imperial Age
42:51 Bodkin Arrow
42:56 Padded Archer Armor
46:17 Ballistics
46:57 Chemistry
47:32 Gold Mining
50:06 Forging
49:57 Scale Mail Armor
49:20 Halberdier
Kiwi
12:34 Loom
14:50 Feudal Age
20:49 Castle Age
20:17 Double-Bit Axe
23:49 Bow Saw
33:35 Fletching
36:19 Bloodlines
37:05 Forging
37:01 Scale Barding Armor
40:49 Wheelbarrow
43:51 Horse Collar
44:57 Ballistics
Camilo M87
6:06 Loom
14:24 Feudal Age
22:22 Castle Age
21:59 Double-Bit Axe
29:45 Husbandry
44:36 Town Watch
Connection lost

Rejoining the realm…

Still unreachable

The connection could not be restored.

Session expired

The server has moved on; the page needs a fresh start.